 Dungeon Crawl Stone Soup version 0.27-a0-860-gaf99fae3ca (webtiles) character file.

Game seed: 2124833053505659404

420 robertstho the Skirmisher (level 6, -1/66 HPs)
             Began as a Troll Delver on Apr 1, 2021.
             Was an Initiate of Gozag.
             Slain by a troll (15 damage)
             ... on level 7 of the Dungeon.
             The game lasted 00:01:53 (1148 turns).

robertstho the Skirmisher (Troll Delver)            Turns: 1148, Time: 00:01:55

Health: -1/66      AC:  4    Str: 21 (23) XL:     6   Next: 62%
Magic:  5/5        EV: 10    Int:  5 (6)  God:    Gozag
Gold:   152        SH:  0    Dex:  8 (11) Spells: 5/5 levels left

rFire    . . .     SeeInvis .     - Unarmed
rCold    . . .     Faith    .   (no shield)
rNeg     . . .     Spirit   .   a - +0 robe
rPois    .         Reflect  .   (helmet restricted)
rElec    .         Harm     .   (no cloak)
rCorr    .         Rampage  .   (gloves unavailable)
Will     .....                  (boots unavailable)
Stlth    ++........             (no amulet)
HPRegen  1.21/turn              (no ring)
MPRegen  0.09/turn              (no ring)

@: no status effects
A: large, unfitting armour, claws 3, regeneration 1, shaggy fur 1, tough skin 1
a: Renounce Religion, Potion Petition, Call Merchant, Bribe Branch


You were on level 7 of the Dungeon.
You worshipped Gozag.
Gozag was aware of your devotion.
You visited 2 branches of the dungeon, and saw 4 of its levels.

You collected 170 gold pieces.
You paid 18 gold pieces to Gozag.

Inventory:

Missiles
 e - 4 boomerangs of dispersal (quivered)
Armour
 a - a +0 robe (worn)
Wands
 f - a wand of digging (3)
Scrolls
 b - 2 scrolls of fog
 c - a scroll of magic mapping
 d - a scroll of fear
 i - a scroll of holy word {unknown}


   Skills:
 * Level 5.1 Fighting
 + Level 2.4 Dodging
 - Level 2.7 Stealth
 + Level 4.0 Unarmed Combat


You had 5 spell levels left.
You didn't know any spells.
Your spell library was empty.

Dungeon Overview and Level Annotations

Branches:
Dungeon (6/15)             Temple (1/1) D:5

Altars:
Elyvilon
Fedhas
Gozag
Kikubaaqudgha
Nemelex Xobeh
Okawaru
Ru
Trog
Uskayaw
Vehumet
Yredelemnul
The Shining One


Innate Abilities, Weirdness & Mutations

You are too large for most types of armour.
You have claws for hands.
Your natural rate of healing is unusually fast.
You are covered in fur. (AC +1)
You have tough skin. (AC +1)


Message History

You are too injured to fight recklessly!
You are too injured to fight recklessly!
You are too injured to fight recklessly!
You are too injured to fight recklessly!
You are too injured to fight recklessly!
You are too injured to fight recklessly!
You are too injured to fight recklessly!
You are too injured to fight recklessly!
You are too injured to fight recklessly!
You are too injured to fight recklessly!
You are too injured to fight recklessly!
You are too injured to fight recklessly!
You are too injured to fight recklessly!
You are too injured to fight recklessly!
You are too injured to fight recklessly!
You are too injured to fight recklessly!
You are too injured to fight recklessly!
You are too injured to fight recklessly!
You are too injured to fight recklessly!
You are too injured to fight recklessly!
You are too injured to fight recklessly!
You scratch the troll.
The troll is moderately wounded.
The troll barely misses you. x2; The troll claws you.
You scratch the troll.
The troll is heavily wounded.
The troll closely misses you. The troll completely misses you.
The troll claws you!
* * * LOW HITPOINT WARNING * * *
It was a potion of curing.
You feel better. The troll bites you!
* * * LOW HITPOINT WARNING * * *
The troll closely misses you. The troll claws you.
* * * LOW HITPOINT WARNING * * *
It was a potion of degeneration.
There was something very wrong with that liquid.
You feel weakened.
You feel dopey.
You feel clumsy. The troll barely misses you. The troll completely misses you.
The troll claws you!
You die...
Your body crumbles into a pile of gold.

. # $ ......#.# ##.. ##
......#.###.. #.#
............###.#
...............#
.###.............T.#
.....# #........@..# .
.....###.........#....#
#.....##..............#
#.....##...##'###.....#
#...........#..# .....#
#...........##+# ##.#.#
#...........# .# #
#....###...## . #....#
#...# .


You could see a troll.

Vanquished Creatures
  Sigmund (D:5)
  A kobold brigand (D:7)
  A scorpion (D:5)
  A hound (D:5)
  An orc priest (D:5)
  An orc wizard (D:5)
  A killer bee zombie (D:5)
  12 orcs
  7 kobolds (D:7)
  2 quokkas (D:5)
28 creatures vanquished.

Notes
Turn   | Place    | Note
-------+----------+-------------------------------------------
     0 | D:5      | robertstho the Troll Delver began the quest for the Orb.
     0 | D:5      | Reached XP level 1. HP: 22/22 MP: 0/0
    52 | D:5      | Noticed a scorpion
    57 | D:5      | Killed a scorpion
    58 | D:5      | Reached skill level 3 in Fighting
    58 | D:5      | Reached XP level 2. HP: 24/31 MP: 1/1
    58 | D:5      | Reached XP level 3. HP: 28/37 MP: 2/2
    88 | D:5      | Noticed Sigmund
   100 | D:5      | Killed Sigmund
   101 | D:5      | Reached skill level 4 in Fighting
   101 | D:5      | Reached XP level 4. HP: 28/49 MP: 3/3
   101 | D:5      | Reached XP level 5. HP: 31/55 MP: 4/4
   180 | D:5      | Reached XP level 6. HP: 62/65 MP: 5/5
   222 | D:5      | Found a staircase to the Ecumenical Temple.
   304 | Temple   | Entered the Ecumenical Temple
   400 | Temple   | Became a worshipper of Gozag Ym Sagoz the Greedy
   669 | D:5      | Reached skill level 5 in Fighting
   763 | D:5      | Found a hide-covered altar of Uskayaw.
  1056 | D:6      | You fall into a shaft and drop 1 floor!
  1139 | D:7      | Noticed a troll
  1148 | D:7      | Slain by a troll

Illustrated notes

Levels and vault maps discovered:
D:5:      layout_loops_corners, nicolae_uskayaw_murder_on_the_dancefloor,
          minmay_temple_entry_wispy, uniq_sigmund
D:6:      minmay_bubble_buster, layout_cave_pools, makhleb_grotto_becter,
          serial_rivers, chequers_serial_rivers_room_b,
          chequers_serial_rivers_room_b, chequers_serial_rivers_small_3,
          chequers_serial_rivers_micro_c, corexii_checkpoint_a, uniq_eustachio,
          uniq_pikel
D:7:      layout_basic, ebering_dispersal_statue_hall, kb_rosetta
Temple:   minmay_crystal_spiral_temple

Skill      XL: |  1  2  3  4  5  6 |
---------------+-------------------+-----
Fighting       | 3 4 5 |  5.1
Dodging        | 2 |  2.4
Unarmed Combat | 3 4 |  4.0
Stealth        | |  2.7

Action                   |  1- 3 |  4- 6 || total
-------------------------+-------+-------++-------
Melee: Unarmed           |     9 |    71 ||    80
       Punch             |       |     1 ||     1
  Use: Potion            |     1 |     2 ||     3
 Stab: Sleeping          |     1 |     2 ||     3
Armor: Robe              |       |    15 ||    15
Dodge: Dodged            |     3 |    38 ||    41

Table legend: (Time is in decaauts)
 A = Elapsed time spent in this place.
 B = Non-inter-level travel time spent in this place.
 C = Inter-level travel time spent in this place.
 D = Time resting spent in this place.
 E = Time spent auto-exploring this place.
 F = Levels seen in this place.
 G = Mean time per level.
                   A        B        C        D        E       F      G
               +--------+--------+--------+--------+--------+-----+--------+
         Total |   1123 |   1009 |    114 |      0 |    852 |   4 |  280.8 |
       Dungeon |    984 |    913 |     71 |      0 |    773 |   3 |  328.0 |
        Temple |    138 |     96 |     42 |      0 |     79 |   1 |  138.0 |
               +--------+--------+--------+--------+--------+-----+--------+

Top non-repeatable levels by time:
     D:5: 893 daAuts
  Temple: 138 daAuts
     D:7: 89 daAuts
     D:6: 0 daAuts
